 Dungeon Crawl Stone Soup version 0.18.1-48-g4cf74bf (webtiles) character file.

450 toucherabbit the Covered (level 7, 0/43 HPs)
             Began as a Gargoyle Fighter on Aug 9, 2016.
             Killed by divine providence
             ... invoked by an orc priest
              (11 damage)
             ... on level 4 of the Dungeon.
             The game lasted 00:14:45 (2789 turns).

toucherabbit the Covered (Gargoyle Fighter)         Turns: 2789, Time: 00:14:46

Health: 0/43       AC: 14    Str: 22    XL:     7   Next: 4%
Magic:  7/7        EV:  8    Int:  8    God:
Gold:   167        SH:  9    Dex:  9    Spells: 0 memorised, 6 levels left

rFire  . . .     SeeInvis .     x - +0 hand axe (chop)
rCold  . . .     Gourm    .     b - +0 scale mail
rNeg   + . .     Faith    .     c - +0 shield
rPois  ∞         Spirit   .     (no helmet)
rElec  +         Dismiss  .     (no cloak)
rCorr  .         Reflect  .     I - +1 pair of gloves
SustAt .         Harm     .     (no boots)
MR     .....                    (no amulet)
Stlth  ..........               (no ring)
                                (no ring)

@: not resistant to hostile enchantments, extremely unstealthy
A: negative energy resistance 1, electricity resistance, unbreathing,
petrification resistance, rot immunity, AC +4
a: no special abilities


You were on level 4 of the Dungeon.
You were not hungry.

You visited 1 branch of the dungeon, and saw 4 of its levels.
You also visited: Sewer.

You collected 167 gold pieces.

Inventory:

Hand Weapons
 a - a +0 long sword
 g - a cursed -1 spear
 x - a +0 hand axe of chopping (weapon)
Missiles
 e - 7 needles of sleeping
 z - 41 arrows
 E - 23 poisoned needles
Armour
 b - a +0 scale mail (worn)
 c - a +0 shield (worn)
 I - a +1 pair of gloves (worn)
Wands
 q - a wand of digging (7/24)
 C - a wand of disintegration (14/24)
Scrolls
 h - a scroll of teleportation {unknown}
 i - a scroll of fog {unknown}
 l - 2 scrolls of magic mapping {unknown}
 m - a scroll of enchant weapon {unknown}
 n - a scroll of immolation {unknown}
 o - 2 scrolls of identify
 r - a scroll of blinking {unknown}
 v - 2 scrolls of remove curse {unknown}
 w - a scroll of noise {unknown}
 y - a scroll of recharging {unknown}
 A - a scroll of amnesia {unknown}
 G - a scroll of enchant armour {unknown}
Potions
 d - a potion of might
 j - a potion of mutation {unknown}
 k - 4 potions of heal wounds {unknown}
 p - 3 potions of curing {unknown}
 s - 3 potions of degeneration {unknown}
 t - 2 potions of cure mutation {unknown}
 u - a potion of lignification {unknown}
 D - a potion of cancellation {unknown}
 F - 2 potions of flight {unknown}
Comestibles
 f - 3 bread rations
 B - 3 meat rations
 H - 2 chunks of flesh
 J - a beef jerky


   Skills:
 + Level 4.1 Fighting
 + Level 2.7 Long Blades
 + Level 0.6 Axes
 + Level 4.9 Armour
 + Level 3.0 Dodging
 + Level 4.9 Shields


You had 6 spell levels left.
You didn't know any spells.

Dungeon Overview and Level Annotations

Branches:
Dungeon (4/15)
 Temple: D:4-7

Altars:
Vehumet


Innate Abilities, Weirdness & Mutations

You are resistant to torment.
Your stone body is resilient (AC +4).
You are immune to poison.
You resist negative energy.
You are resistant to electric shocks.
You can survive without breathing.
You are immune to petrification.
You are immune to rotting.


Message History

The orc priest hits you but does no damage.
You barely miss the orc priest.
The orc priest is heavily wounded.
You block the orc priest's attack.
You hit the orc priest but do no damage.
The orc priest is heavily wounded.
You block the orc priest's attack.
You hit the orc priest.
The orc priest is almost dead.
The orc priest mumbles some strange prayers to Beogh against you.
Beogh smites you! The orc priest hits you with a trident.
* * * LOW HITPOINT WARNING * * *
You barely miss the orc priest.
The orc priest is almost dead.
The orc priest hits you but does no damage.
You completely miss the orc priest.
The orc priest is almost dead.
The orc priest invokes the aid of Beogh against you.
Beogh smites you!
You die...

...............†..###
..................+.# #####
.................#.# #....
#.............#.#####.... #####
#.............#..........
....#####.............#..........
....#..<..#########.###..........
...............o###.###.#####....
................@...........#....
...........##.##)))..##.##.))....
..§.......##.#.##.#.##.#.###.....
+###......#..#...###...#...#.....
.###......##.#.##.#.##.#.###.....
...........##o##.....##.## ..####
##.######..................##
.##..............#.###.#####
.....#########.#.#.....#


You could see an orc priest.

Vanquished Creatures
  A big kobold (Sewer)
  A howler monkey (D:4)
  A crimson imp (D:4)
  An orc wizard (D:4)
  A giant frog skeleton (D:4)
  Jessica (D:3)
  An iguana (D:4)
  Ijyb (D:2)
  Terence (D:3)
  3 gnolls (D:4)
  5 adders
  A worm (D:3)
  2 dart slugs (D:3)
  3 giant geckos
  3 orcs (D:4)
  3 giant cockroaches
  5 goblins
  8 hobgoblins
  4 jackals
  8 kobolds
  A quokka (D:3)
  2 ball pythons
  4 bats
  A giant gecko skeleton (D:4)
  13 giant newts
  10 rats
85 creatures vanquished.

Vanquished Creatures (others)
  An orc (D:3)
  A ball python (D:3)
2 creatures vanquished.

Grand Total: 87 creatures vanquished

Notes
Turn   | Place    | Note
--------------------------------------------------------------
     0 | D:1      | toucherabbit the Gargoyle Fighter began the quest for the Orb.
     0 | D:1      | Reached XP level 1. HP: 14/14 MP: 1/1
   105 | D:1      | Reached XP level 2. HP: 11/19 MP: 2/2
   880 | D:1      | Reached XP level 3. HP: 23/23 MP: 3/3
  1001 | D:2      | Noticed Ijyb
  1028 | D:2      | Killed Ijyb
  1409 | D:3      | Reached XP level 4. HP: 27/29 MP: 4/4
  1422 | D:3      | Reached skill level 1 in Dodging
  1446 | D:3      | Found a radiant altar of Vehumet.
  1504 | D:3      | Noticed Jessica
  1512 | D:3      | Killed Jessica
  1532 | D:3      | Noticed Terence
  1553 | D:3      | Killed Terence
  1553 | D:3      | Reached XP level 5. HP: 11/33 MP: 5/5
  2191 | D:4      | Reached XP level 6. HP: 7/38 MP: 6/6
  2426 | D:4      | Found a glowing drain.
  2431 | Sewer    | Entered a sewer
  2562 | Sewer    | Found a glowing silver altar of Zin.
  2777 | D:4      | Reached XP level 7. HP: 40/43 MP: 7/7
  2789 | D:4      | Killed from afar by an orc priest

Skill      XL: |  1  2  3  4  5  6 |
---------------+-------------------+-----
Long Blades    | 2 |  2.7
Armour         | 4 |  4.9
Dodging        | 1 2 3 |  3.0
Shields        | 4 |  4.9
Fighting       | 4 |  4.1
Axes           | |  0.6

Action                   |  1- 3 |  4- 6 |  7- 9 || total
-------------------------+-------+-------+-------++-------
Melee: Long sword        |   132 |    37 |       ||   169
       Hand axe          |       |   209 |    11 ||   220
  Use: Scroll            |       |     1 |       ||     1
  Eat: Meat ration       |     1 |       |       ||     1
       Chunk             |       |     2 |       ||     2
Armor: Scale mail        |    74 |   122 |     8 ||   204
Dodge: Dodged            |    53 |    96 |     3 ||   152
Block: Shield            |    75 |   127 |     8 ||   210
